 Dungeon Crawl Stone Soup version 0.28-a0-503-g83f2989fac (webtiles) character file.

Game seed: 6131518545910067962

427 Ha714701 the Gusty (level 6, -1/46 HPs)
             Began as a Draconian Air Elementalist on Sept 21, 2021.
             Succumbed to a hornet's poison
             ... while paralysed by a hornet
             ... on level 4 of the Dungeon.
             The game lasted 00:25:04 (4875 turns).

Ha714701 the Gusty (Draconian Air Elementalist)     Turns: 4875, Time: 00:25:04

Health: -1/46      AC:  8    Str: 10    XL:     6   Next: 65%
Magic:  18/20      EV:  2    Int: 18    God:
Gold:   193        SH:  0    Dex: 11    Spells: 10/11 levels left

rFire   . . .      SeeInvis .   t - +2 hand axe (elec)
rCold   . . .      Faith    .   s - +0 buckler
rNeg    . . .      Spirit   .   (armour unavailable)
rPois   .          Reflect  .   (helmet restricted)
rElec   .          Harm     .   (no cloak)
rCorr   .          Rampage  .   n - +1 pair of gloves
Will    .....                   (no boots)
Stlth   ++........              (no amulet)
HPRegen 0.15/turn               g - ring of magical power
MPRegen 0.17/turn               (no ring)

@: paralysed, mighty, lethally poisoned (-1 -> -18), slowed
A: AC +6, unfitting armour, cold-blooded
a: no special abilities


You were on level 4 of the Dungeon.
You visited 1 branch of the dungeon, and saw 4 of its levels.

You collected 251 gold pieces.
You spent 58 gold pieces at shops.

Inventory:

Hand Weapons
 b - a +1 short sword of venom
 t - a +2 hand axe of electrocution (weapon)
 v - a +0 club
Armour
 n - a +1 pair of gloves (worn)
 s - a +0 buckler (worn)
Jewellery
 g - a ring of magical power (left hand)
Wands
 a - a wand of flame (9)
 r - a wand of acid (7)
Scrolls
 d - a scroll of vulnerability {unknown}
 e - a scroll of teleportation {unknown}
 j - a scroll of enchant weapon {unknown}
 l - 4 scrolls of amnesia
 m - a scroll of fog
 p - a scroll of blinking {unknown}
 q - a scroll of immolation {unknown}
Potions
 c - a potion of resistance {unknown}
 f - a potion of lignification {unknown}
 h - a potion of cancellation {unknown}
 k - a potion of brilliance
 o - a potion of haste


   Skills:
 - Level 0.9 Fighting
 - Level 1.0 Short Blades
 * Level 1.9 Axes
 + Level 2.4 Dodging
 + Level 2.7 Stealth
 + Level 0.1 Unarmed Combat
 + Level 3.4 Spellcasting
 + Level 2.8 Conjurations
 + Level 4.6 Air Magic


You had 10 spell levels left.
You knew the following spells:

 Your Spells              Type           Power      Damage    Failure   Level
a - Shock                 Conj/Air       64%        1d7       5%          1

Your spell library contained the following spells:

 Spells                   Type           Power      Damage    Failure   Level
 Static Discharge         Conj/Air       16%        N/A       9%          2
 Swiftness                Air            19%        N/A       12%         3
 Blink                    Tloc           N/A        N/A       36%         2
 Airstrike                Air            9%         N/A       36%         4
 Blade Hands              Tmut           1%         N/A       100%        5
 Manifold Assault         Tloc           3%         N/A       100%        5
 Iron Shot                Conj/Erth      4%         9d2       100%        6
 Storm Form               Tmut/Air       5%         N/A       100%        7
 Animate Armour           Summ/Erth      Unusable   N/A       N/A         4

Dungeon Overview and Level Annotations

Branches:
Dungeon (4/15)
 Temple: D:4-7

Altars:

Shops:
D:2 [   D:3 [


Innate Abilities, Weirdness & Mutations

Your plain brown scales are hard. (AC +6)
You cannot fit into any form of body armour.
You are cold-blooded and may be slowed by cold attacks.


Message History

Found a stone staircase leading up.
A hornet is nearby!
The zap misses the hornet.
The hornet buzzes angrily.
You hear an angry hiss.
You hear a shout!
A goblin comes into view. It is wielding a +0 dagger.
The zap misses the hornet.
The zap hits the goblin!
You kill the goblin!
The zap hits the hornet.
The hornet is lightly wounded.
The hornet stings you but does no damage.
You block the hornet's attack.
The zap hits the hornet.
The hornet is lightly wounded.
The hornet closely misses you.
The zap misses the hornet.
The hornet stings you!
You feel yourself slow down. You block the hornet's attack.
You barely miss the hornet.
The hornet is lightly wounded.
The hornet stings you.
You feel as though you will be slow longer.
The hornet barely misses you. x2
You barely miss the hornet.
Your tail-slap misses the hornet.
The hornet is lightly wounded.
The hornet stings you.
You are poisoned.
You feel as though you will be slow longer.
The hornet stings you.
You are more poisoned.
You feel as though you will be slow longer.
The hornet closely misses you.
You feel very mighty all of a sudden.
You feel very sick. The hornet barely misses you. The hornet stings you!
* * * LOW HITPOINT WARNING * * *
You are more poisoned.
You suddenly lose the ability to move!
* * * LOW HITPOINT WARNING * * *
You feel very sick.
The hornet stings you but does no damage.
You die...

#.### # #...........### #)# #
#. #.............# #)#
#.#.##........####.# . #.#
#.............# #.# g# ..#
###...........# #.# <.
##########........# #.# .#
###.....##........####.# ..
.....)....)............#.#.#.#
................@y.....)......
......................####.#.#
#................######
#......##.#...##.#
###'#####.######.# #.# #.# #.#
#.# #.# #.# #.# #.######.###.#
#. #.#..........#


You could see a hornet.

Vanquished Creatures
  A black bear (D:4)
  2 orc priests
  An iguana (D:4)
  An orc wizard (D:4)
  8 gnolls
  6 adders
  An ufetubus (D:4)
  3 worms
  3 orcs
  2 ball pythons
  7 endoplasms
  3 giant cockroaches (D:1)
  3 hobgoblins
  11 jackals
  2 quokkas
  6 bats
  3 frilled lizards
  12 goblins
  4 kobolds
  6 rats
85 creatures vanquished.

Vanquished Creatures (others)
  A fungus (D:4)
1 creature vanquished.

Grand Total: 86 creatures vanquished

Notes
Turn   | Place    | Note
-------+----------+-------------------------------------------
     0 | D:1      | Ha714701 the Draconian Air Elementalist began the quest for
                  | the Orb.
     0 | D:1      | Reached XP level 1. HP: 14/14 MP: 3/3
   165 | D:1      | Found a faded altar of an unknown god.
   427 | D:1      | Reached XP level 2. HP: 20/20 MP: 0/5
   689 | D:1      | Reached XP level 3. HP: 26/26 MP: 3/6
  1779 | D:2      | Found Gaefor's Armour Shop.
  1786 | D:2      | Bought a +0 pair of gloves for 58 gold pieces
  1940 | D:2      | Reached XP level 4. HP: 33/33 MP: 7/7
  2525 | D:3      | Found Gycaon's Armour Boutique.
  2809 | D:3      | Reached skill level 4 in Air Magic
  3117 | D:4      | Reached XP level 5. HP: 27/39 MP: 9/9
  3127 | D:4      | Reached skill level 1 in Short Blades
  4003 | D:4      | Noticed a black bear
  4012 | D:4      | Killed a black bear
  4013 | D:4      | Reached skill level 1 in Axes
  4013 | D:4      | Reached XP level 6. HP: 46/46 MP: 11/11
  4539 | D:4      | Noticed a hornet
  4873 | D:4      | Paralysed by a hornet for 3 turns
  4875 | D:4      | Succumbed to a hornet's poison

Illustrated notes

Levels and vault maps discovered:
D:1:      shiori_shiawase, layout_basic,
          dreamdust_ecumenical_altar_angels_and_demons
D:2:      layout_basic, serial_shops, shop
D:3:      layout_loops_cross, serial_shops, shop, nrook_loot_triangle
D:4:      layout_basic, st_stairs_12, uniq_crazy_yiuf_cottage

Skill      XL: |  1  2  3  4  5 |
---------------+----------------+-----
Stealth        | 2 |  2.7
Dodging        | 2 |  2.4
Air Magic      | 4 |  4.6
Short Blades   | 1 |  1.0
Spellcasting   | 3 |  3.4
Conjurations   | 2 |  2.8
Axes           | 1 |  1.9
Fighting       | |  0.9
Unarmed Combat | |  0.1

Action                   |  1- 3 |  4- 6 || total
-------------------------+-------+-------++-------
Melee: Unarmed           |     8 |       ||     8
       Tailslap          |     5 |     4 ||     9
       Short sword       |    42 |    23 ||    65
       Hand axe          |       |    37 ||    37
 Cast: Shock             |    90 |    95 ||   185
  Use: Scroll            |       |     9 ||     9
       Potion            |       |     1 ||     1
Armor: Skin              |    25 |    33 ||    58
Dodge: Dodged            |    48 |    32 ||    80
Block: Buckler           |       |     2 ||     2

Table legend: (Time is in decaauts)
 A = Elapsed time spent in this place.
 B = Non-inter-level travel time spent in this place.
 C = Inter-level travel time spent in this place.
 D = Time resting spent in this place.
 E = Time spent auto-exploring this place.
 F = Levels seen in this place.
 G = Mean time per level.
                   A        B        C        D        E       F      G
               +--------+--------+--------+--------+--------+-----+--------+
         Total |   4899 |   4885 |     14 |    927 |   3239 |   4 | 1224.8 |
       Dungeon |   4899 |   4885 |     14 |    927 |   3239 |   4 | 1224.8 |
               +--------+--------+--------+--------+--------+-----+--------+

Top non-repeatable levels by time:
     D:3: 1766 daAuts
     D:1: 1344 daAuts
     D:2: 967 daAuts
     D:4: 820 daAuts
